 Dungeon Crawl Stone Soup version 0.17-a0-1635-gd4e48f1 (webtiles) character file.

42 maniek23 the Stinger (level 3, 0/30 HPs)
             Began as a Naga Venom Mage on Aug 4, 2015.
             Succumbed to an adder's poison
             ... on level 2 of the Dungeon.
             The game lasted 00:07:29 (1289 turns).

maniek23 the Stinger (Naga Venom Mage)              Turns: 1289, Time: 00:07:29

Health: 0/30       AC:  2    Str: 11    XL:     3   Next: 54%
Magic:  3/6        EV: 10    Int: 15    God:
Gold:   30         SH:  0    Dex: 11    Spells: 2 memorised, 2 levels left

rFire  . . .     SeeInvis +     j - +2 dagger (elec)
rCold  . . .     Clarity  .     a - +0 robe
rNeg   . . .     SustAt   .     (no shield)
rPois  +         Gourm    .     (no helmet)
rElec  .         Spirit   .     (no cloak)
rCorr  .         Warding  .     (no gloves)
rMut   .         Stasis   .     (no barding)
MR     .....                    (no amulet)
Stlth  ++........               (no ring)
                                (no ring)

@: lethally poisoned (0 -> -2), very slightly contaminated, hasted, quick, not
resistant to hostile enchantments, unstealthy
A: see invisible, deformed body, poison resistance, slowness 2, slow metabolism
1, spit poison 2, AC +1
a: Spit Poison


You were on level 2 of the Dungeon.
You were hungry.

You visited 1 branch of the dungeon, and saw 2 of its levels.

You collected 30 gold pieces.

Inventory:

Hand weapons
 j - a +2 dagger of electrocution (weapon)
 m - a +0 club
Armour
 a - a +0 robe (worn)
 h - a cursed -2 ring mail
Scrolls
 e - 2 scrolls of teleportation {unknown}
 f - a scroll of blinking {unknown}
 g - a scroll of random uselessness {unknown}
 i - a scroll of enchant weapon {unknown}
 n - 2 scrolls of identify {unknown}
 p - a scroll of remove curse {unknown}
Books
 b - a Young Poisoner's Handbook

   Spells                             Type                      Level
   a - Sting                          Conjuration/Poison           1
   b - Cure Poison                    Poison                       2
   c - Mephitic Cloud                 Conjuration/Poison/Air       3
   d - Olgreb's Toxic Radiance        Poison                       4
   e - Venom Bolt                     Conjuration/Poison           5
Comestibles
 c - a bread ration
 d - a beef jerky
 k - a slice of pizza
 o - 2 chunks of flesh


   Skills:
 + Level 0.6 Fighting
 + Level 1.6 Dodging
 + Level 3.3 Stealth
 + Level 2.1 Spellcasting
 - Level 0.2 Conjurations
 + Level 6.3 Poison Magic


You had 2 spell levels left.
You knew the following spells:

 Your Spells              Type           Power        Failure   Level  Hunger
a - Sting                 Conj/Pois      ##..         8%          1    #......
b - Mephitic Cloud        Conj/Pois/Air  #.......     30%         3    ###....


Dungeon Overview and Level Annotations

Branches:
Dungeon (2/15)

Altars:


Innate Abilities, Weirdness & Mutations

You cannot wear boots.
Your serpentine skin is tough (AC +1).
You have supernaturally acute eyesight.
Armour fits poorly on your strangely shaped body.
Your system is resistant to poisons.
You cover ground very slowly.
You have a slow metabolism.
You can spit poison.


Message History

You feel sick.
Found a scroll labeled TOARCH SOGAER.
* * * LOW HITPOINT WARNING * * *
You feel sick.
* * * LOW HITPOINT WARNING * * *
You feel sick.
Found a stone staircase leading down.
* * * LOW HITPOINT WARNING * * *
You feel sick.
* * * LOW HITPOINT WARNING * * *
You feel sick.
* * * LOW HITPOINT WARNING * * *
You feel sick.
Casting: Sting
Confirm with . or Enter, or press ? or * to list all spells.
Aiming: Sting
Press: ? - help, Shift-Dir - straight line, f - adder
Aim: an adder You miscast Sting.
Wisps of smoke drift from your hands.
You die...

######...# #.# ##
#....>...# #.# .#
#.####..### #.# .#
#.#.......# #.# .#
#.#.#####.# #.#
.########.#.#.....# #.#
.##.......#.#.##### #.#
.%............S..# #.#
.........####..#@#####.#
...#..#.............##.#
...#..#.######.#.##.##.#
..##..#.#.....<..#..##<#
#.##..#.#........#.###.#
#.##..#.#..........# #.#
#.##..#........#######.#
>.##..########.........#
####..# #.#########


You could see an adder.

Vanquished Creatures
  An adder (D:2)
  An ooze (D:1)
  2 worms (D:2)
  A bat (D:1)
  5 hobgoblins (D:1)
  A kobold (D:1)
  3 giant cockroaches (D:1)
  A giant newt (D:1)
  5 goblins (D:1)
  2 rats (D:1)
22 creatures vanquished.

Notes
Turn   | Place    | Note
--------------------------------------------------------------
     0 | D:1      | maniek23 the Naga Venom Mage began the quest for the Orb.
     0 | D:1      | Reached XP level 1. HP: 15/15 MP: 3/3
   430 | D:1      | Reached XP level 2. HP: 20/22 MP: 5/5
   776 | D:1      | Reached skill level 6 in Poison Magic
   887 | D:1      | Reached XP level 3. HP: 25/28 MP: 0/6
  1100 | D:1      | Learned a level 3 spell: Mephitic Cloud
  1280 | D:2      | HP: 1/30 [poisoned by an adder]
  1285 | D:2      | HP: 1/30 [poisoned by an adder]
  1289 | D:2      | Succumbed to an adder's poison

Vault maps used:
D:1:      onia_arrival_mini_maze_b, grunt_decor_mini_mirrors, patterned_corridor
D:2:      grunt_dithmenos_smoke_and_mirrors

Action                   || total
-------------------------++-------
Melee: Unarmed           ||    13
       Dagger            ||    17
 Cast: Sting             ||    35
 Abil: Spit Poison       ||     9
  Use: Potion            ||     1
  Eat: Chunk             ||     1
